Map: Rovine di Seras

Players

Jhyrachy - Winner!

  • Race: Zerg Zerg
  • League: Silver

michaelscott

  • Race: Terran Terran
  • League: Silver

VOD

Have the link to the VOD?

Description

Time

  • Played on: March 9, 2016, 12:32 p.m.
  • Length: 9:48
Show
View Real Time Build Order
Export as new Build Order

Jhyrachy Zerg - Winner!

Build Orders: Hatch First 

Get SALT Encoding   

  12  0:02  Drone  
  13  0:09  Drone  
  14  0:22  Overlord  
  14  0:45  Drone x3  
  17  1:05  Drone  
  17  1:08  Hatchery, Extractor  
  17  1:10  Drone  
  17  1:19  Spawning Pool  
  16  1:36  Drone  
  16  1:37  Drone  
  18  1:48  Drone  
  18  1:50  Overlord  
  19  2:10  Queen  
  21  2:19  Drone  
  21  2:20  Drone  
  21  2:21  Queen  
  25  2:23  Overlord  
  25  2:28  Drone  
  26  2:38  Drone x2  
  28  2:47  Spine Crawler  
  26  3:09  Lair  
  26  3:19  Drone x3  
  29  3:20  Drone x2  
  29  3:23  Extractor  
  30  3:37  Drone  
  31  4:01  Drone x2  
  31  4:02  Drone  
  34  4:14  Roach Warren  
  33  4:25  Nydus Network  
  33  4:28  Drone x3  
  35  4:37  Queen  
  37  4:39  Queen  
  37  4:40  Overlord x3  
  39  5:05  Roach  
  39  5:06  Roach x10  
  61  5:47  Nydus Canal  
  50  6:27  Spine Crawler  
  49  6:40  Roach x3  
  49  6:41  Roach x3  
  59  6:56  Hatchery  
  35  7:37  Queen  
  35  7:40  Roach x3  
  36  8:23  Drone x2  
  38  8:48  Drone x3  
  41  9:08  Drone x3  
  44  9:10  Drone x2  
Show
View Real Time Build Order
Export as new Build Order

michaelscott Terran 

Build Orders:  

Get SALT Encoding   

  12  0:01  SCV  
  13  0:13  SCV  
  14  0:18  Supply Depot  
  14  0:25  SCV  
  15  0:40  SCV  
  15  0:41  Barracks  
  16  0:48  Refinery  
  16  0:53  SCV  
  17  1:05  SCV  
  18  1:17  SCV  
  20  1:35  Orbital Command  
  20  1:39  Reaper  
  20  1:48  Command Center  
  20  2:01  Supply Depot  
  20  2:03  SCV  
  20  2:06  Refinery  
  21  2:14  Marine  
  22  2:27  Factory  
  22  2:55  SCV  
  23  3:07  Orbital Command, SCV  
  24  3:12  Factory Reactor  
  24  3:15  Barracks Reactor  
  24  3:19  SCV  
  25  3:23  Supply Depot  
  25  3:27  Starport  
  25  3:33  SCV  
  26  3:38  SCV  
  27  3:45  SCV  
  28  3:50  Hellion x2  
  28  3:53  Marine x2  
  34  4:01  Armory, SCV  
  34  4:02  SCV  
  36  4:11  Marine x2  
  36  4:13  SCV  
  36  4:14  Hellion x2  
  43  4:23  Medivac  
  45  4:30  SCV x2  
  47  4:42  SCV x2  
  49  4:54  SCV, Engineering Bay, Supply Depot  
  49  4:59  Hellion x2  
  54  5:23  Missile Turret  
  54  5:25  Marine x2  
  54  5:27  Hellion x2  
  60  5:32  SCV x2  
  62  5:39  Supply Depot  
  62  5:44  SCV x2  
  62  5:48  Hellion  
  66  5:54  Marine  
  66  5:55  Marine  
  66  5:56  SCV  
  69  6:01  Hellion  
  70  6:09  Hellion  
  71  6:12  Marine  
  69  6:21  Marine  
  61  6:30  Marine  
  61  6:32  Hellion x2  
  55  6:38  Marine  
  54  6:48  Marine  
  50  7:12  Orbital Command  
  43  7:21  Barracks  
  41  7:24  Barracks  
  41  7:27  Barracks x2  
  26  8:14  Marine  
  26  8:15  Marine x3  
  29  8:32  Marine x2  
  29  8:33  Orbital Command, Marine x2  
  31  9:04  Factory  
  31  9:07  Refinery  
  31  9:21  Factory  
  31  9:29  SCV  
  31  9:30  SCV  
  30  9:37  Supply Depot  
  30  9:38  Supply Depot x3  
  24  9:39  Supply Depot x2  
Tags
 
Add a new tag
Caveats
  • Supply blocks, unpowered buildings, or Contaminate may cause inaccurate times.
  • Supply counts are checked every 10 seconds.